 Dungeon Crawl Stone Soup version 0.30-a0-782-ge64f9170bb (webtiles) character file.

Game seed: 8805953736172724028

374768 Zolda the Axe Maniac (level 21, -4/224 HPs)
             Began as a Minotaur Berserker on Feb 17, 2023.
             Was a High Priest of Trog.
             Splashed by an acid blob's acid (5 damage)
             ... on level 5 of the Pits of Slime on Feb 21, 2023.
             The game lasted 05:05:24 (49158 turns).

Zolda the Axe Maniac (Minotaur Berserker)          Turns: 49158, Time: 05:05:24

Health: -4/224     AC: 30    Str: 28    XL:     21   Next: 77%
Magic:  6/6        EV:  9    Int:  4    God:    Trog [*****.]
Gold:   1311       SH:  5    Dex: 13    Spells: 20/20 levels left

rFire   + + .      SeeInvis +    a - +10 battleaxe of Scorn {antimagic, rF+ rN+ rCorr Dex-2}
rCold   + . .      Faith    .    (shield currently unavailable)
rNeg    + . .      Spirit   .    D - +0 crystal plate armour
rPois   .          Reflect  +    (helmet unavailable)
rElec   +          Harm     .    U - +2 cloak {Will+}
rCorr   +          Rampage  .    E - +2 pair of gloves of Monotheism {rElec rF+}
Will    ++++.      Clarity  +    O - +1 pair of boots of the Trees {Dex+2} Stlth
                                 H - amulet of reflection
HPRegen 0.57/turn                X - ring "Dulidwup" {Will+ AC+4}
MPRegen 0.10/turn                G - ring "Eddin" {rC+ Will+ SInv}

@: corroded
A: horns 3, retaliatory headbutt, clarity, weak 1, devolution 1
}: 2/15 runes: serpentine, barnacled
a: Renounce Religion, Berserk, Trog's Hand, Brothers in Arms


You were on level 5 of the Pits of Slime.
You worshipped Trog.
Trog was extremely pleased with you.
You visited 8 branches of the dungeon, and saw 40 of its levels.
You also visited: Gauntlet and Ice Cave.

You collected 3874 gold pieces.
You spent 2563 gold pieces at shops.

Inventory:

Hand Weapons
 a - the +10 battleaxe of Scorn (weapon) {antimagic, rF+ rN+ rCorr Dex-2}
   (Trog gifted it to you on level 2 of the Lair of Beasts)

   Dex:       It affects your dexterity (-2).
   rF:        It protects you from fire.
   rN:        It protects you from negative energy.
   rCorr:     It protects you from acid and corrosion.
 b - a +9 executioner's axe of flaming
 Y - a +6 executioner's axe of flaming
Missiles
 B - 4 throwing nets (quivered)
Armour
 D - a +0 crystal plate armour (worn)
 E - the +2 pair of gloves of Monotheism (worn) {rElec rF+}
   (You bought it in a shop on level 4 of the Dungeon)

   rF:        It protects you from fire.
   rElec:     It insulates you from electricity.
 O - the +1 pair of boots of the Trees (worn) {Dex+2}
   (You bought it in a shop on level 2 of the Orcish Mines)

   Dex:       It affects your dexterity (+2).
 U - a +2 cloak of willpower (worn)
 V - a +2 hat
Jewellery
 q - a ring of flight
 r - the ring "Jeruxaq" {rN+ Will+ MP+9}
   (You found it on level 4 of the Shoals)

   [ring of magical power]

   rN:        It protects you from negative energy.
   MP:        It affects your magic capacity (+9).
   Will:      It increases your willpower.
 w - a ring of protection from cold
 G - the ring "Eddin" (right hand) {rC+ Will+ SInv}
   (You found it on level 2 of the Lair of Beasts)

   [ring of protection from cold]

   rC:        It protects you from cold.
   SInv:      It lets you see invisible.
   Will:      It increases your willpower.
 H - an amulet of reflection (around neck)
 K - a ring of protection from fire
 W - a ring of poison resistance
 X - the ring "Dulidwup" (left hand) {Will+ AC+4}
   (You bought it in a shop on level 2 of the Shoals)

   [ring of protection]

   AC:        It affects your AC (+4).
   Will:      It increases your willpower.
Wands
 f - a wand of paralysis (31)
 k - a wand of iceblast (22)
 m - a wand of flame (13)
 t - a wand of quicksilver (13)
 y - a wand of polymorph (11)
 Q - a wand of mindburst (14)
 R - a wand of digging (5)
Scrolls
 g - 18 scrolls of identify
 i - 7 scrolls of enchant weapon
 l - 16 scrolls of teleportation
 n - a scroll of silence
 u - 5 scrolls of poison
 A - 4 scrolls of magic mapping
 C - a scroll of summoning
 F - 3 scrolls of enchant armour
 I - 3 scrolls of fog
 P - 2 scrolls of fear
 T - a scroll of brand weapon
Potions
 c - 5 potions of might
 d - 12 potions of curing
 e - a potion of heal wounds
 h - 10 potions of cancellation
 j - 6 potions of flight
 s - 6 potions of mutation
 v - 10 potions of lignification
 z - 2 potions of invisibility
 J - 2 potions of haste
 L - 3 potions of resistance
Miscellaneous
 o - a box of beasts
 x - a phantom mirror
 M - a phial of floods
 N - a tin of tremorstones (2/2)


   Skills:
 O Level 27 Fighting
 O Level 27 Axes
 O Level 27 Armour
 + Level 3.4 Dodging


You had 20 spell levels left.
You didn't know any spells.
Your spell library was empty.

Dungeon Overview and Level Annotations

Branches:
Dungeon (15/15)            Temple (1/1) D:7            Lair (5/5) D:9
 Shoals (4/4) Lair:3        Snake (4/4) Lair:3        Slime (5/5) Lair:4
    Orc (2/2) D:10            Elf (0/3) Orc:2        Vaults (4/5) D:13
  Crypt (0/3) Vaults:3     Depths (0/4) D:15          IceCv (visited)
Gauntlet (visited)

Altars:
Ashenzari
Cheibriados
Dithmenos
Elyvilon
Fedhas
Gozag
Hepliaklqana
Kikubaaqudgha
Makhleb
Nemelex Xobeh
Okawaru
Qazlal
Ru
Sif Muna
Trog
Uskayaw
Vehumet
Wu Jian
Xom
Yredelemnul
Zin
The Shining One
Jiyva
Lugonu

Shops:
D:4 [   D:5 *   D:10 [   D:11 [   Orc:2 (![[   Shoals:2 ?**[(   Snake:1 *[(

Portals:
Abyss: Lair:5
Trove: D:14 (give +2 storm dragon scales)

Annotations:
Slime:5 Royal Jelly


Innate Abilities, Weirdness & Mutations

You have a pair of large horns on your head.
You reflexively headbutt those who attack you in melee.
You possess an exceptional clarity of mind.
You are weak. (Str -2)
You have hidden genetic defects.


Message History

You hit the acid blob but do no damage.
Your hands burn!
* * * LOW HITPOINT WARNING * * *
The quicksilver ooze closely misses you.
You furiously retaliate!
You headbutt the quicksilver ooze, but do no damage.
The quicksilver ooze closely misses you.
You open the quicksilver ooze like a pillowcase!!!
You kill the quicksilver ooze!
That felt strangely unrewarding.
You hit the acid blob but do no damage.
Your hands burn!
* * * LOW HITPOINT WARNING * * *
The acid blob closely misses you. You furiously retaliate!
You headbutt the acid blob, but do no damage.
You hit the acid blob.
Your hands burn!
* * * LOW HITPOINT WARNING * * *
The acid blob is moderately wounded.
An acid blob comes into view.
You slash the rockslime!
The rockslime is lightly wounded.
The acid blob spits acid at you.
The splash of acid hits you but does no damage.
You hit the rockslime but do no damage.
The rockslime is lightly wounded.
You slice the acid blob!!
Your hands burn!
* * * LOW HITPOINT WARNING * * *
The rockslime hits you!
* * * LOW HITPOINT WARNING * * *
You hold your ground!
You block the acid blob's attack.
You slice the acid blob!!
Your hands burn!
* * * LOW HITPOINT WARNING * * *
The acid blob is severely wounded.
You hit the rockslime but do no damage. The rockslime barely misses you.
You slash the acid blob!
Your hands burn!
* * * LOW HITPOINT WARNING * * *
You headbutt the acid blob.
The acid blob is almost dead.
You hit the rockslime but do no damage. The acid blob hits you!
* * * LOW HITPOINT WARNING * * *
You are splashed with acid.
You resist.
You die...

..............
........................
........................
........................
........................
.......................#
.......................#
...............JJ.......
................@.......
........................
........................
...#..##.#..............
#####J#####.............
#JJ# ###........... ##.#
#........J.. #JJ#
###......... ?#J##
#...^.....


You could see 2 acid blobs and a rockslime.

Vanquished Creatures
  Dissolution (Slime:3)
  Jorgrun (D:13)
  Rupert (D:14)
  13 acid blobs
  2 sphinxes
  4 krakens (Shoals:2)
  Roxanne (Shoals:1)
  2 nagarajas (Snake:4)
  3 azure jellies
  Ilsuiw (Shoals:2)
  5 rockslimes
  The ghost of Dohiodol the Severer, a journeyman MiBe of Trog (Snake:2)
  A frost giant (D:15)
  11 vault wardens
  Louise (Shoals:1)
  2 orc warlords (Vaults:1)
  The ghost of bezhaha the Fighter, a journeyman OgWr of Wu Jian (Lair:2)
  18 ironbound preservers
  9 very ugly things
  A stone giant (Vaults:1)
  9 ironbound thunderhulks
  The ghost of Touch the Eclecticist, a journeyman DsCj of Vehumet (Shoals:1)
  9 quicksilver oozes
  A minotaur (Gauntlet)
  18 dire elephants
  The ghost of Heent the Thaumaturge, a journeyman OpFE of Sif Muna (Lair:5)
  An eidolon (Vaults:3)
  Snorg (Orc:2)
  6 merfolk javelineers
  7 merfolk impalers
  A deep elf death mage (Vaults:3)
  6 great orbs of eyes
  18 yaktaur captains
  3 entropy weavers
  11 vault guards
  4 hydras
  Fannar (D:12)
  3 salamander tyrants (Snake:4)
  2 catoblepae
  17 centaur warriors
  7 anacondas
  3 merfolk avatars
  A caustic shrike simulacrum (IceCv)
  9 ironbound frosthearts
  9 boulder beetles
  3 merfolk aquamancers (Shoals:4)
  Erica (Lair:1)
  11 naga warriors
  A satyr (Shoals:3)
  2 alligator snapping turtles
  6 death yaks (Lair:5)
  3 two-headed ogres
  5 orc high priests (Orc:2)
  A hell hog (Gauntlet)
  2 tengu warriors (D:15)
  2 thrashing horrors (Lair:5)
  Urug (Lair:1)
  8 shock serpents
  9 naga sharpshooters
  Sonja (Orc:1)
  6 salamander mystics
  5 skeletal warriors (D:15)
  5 skysharks
  11 sea snakes
  56 deep trolls
  18 ironbound convokers
  4 naga ritualists (Snake:4)
  2 orange crystal statues (IceCv)
  2 phantasmal warriors (Vaults:3)
  2 glowing orange brains (Slime:5)
  13 orc knights
  15 wizards
  2 necromancers
  15 harpies
  16 fauns
  6 orc sorcerers
  14 lindwurms
  49 ugly things
  21 mana vipers
  A deep elf pyromancer (D:14)
  4 oklob plants (Lair:3)
  6 cyclopes
  12 salamanders
  24 manticores
  3 shining eyes
  8 guardian serpents
  2 moths of wrath (Lair:2)
  5 elephants (Lair:3)
  8 naga magi
  40 black mambas
  7 water nymphs
  8 vault sentinels
  2 eyes of devastation (Slime:5)
  6 merfolk sirens
  2 gargoyles
  2 ice statues (Shoals:3)
  14 cane toads
  5 rime drakes
  3 anaconda simulacra (IceCv)
  An unseen horror (D:12)
  54 yaktaurs
  5 freezing wraiths (IceCv)
  8 komodo dragons
  2 golden dragon simulacra (IceCv)
  An ancient zyme (Lair:5)
  A yaktaur skeleton (Vaults:2)
  4 trolls
  33 merfolk
  3 hornets (Gauntlet)
  10 wind drakes
  2 polar bears (Lair:5)
  2 spectral humans (Vaults:3)
  3 dream sheep
  27 blink frogs
  A fire giant simulacrum (Vaults:3)
  3 human simulacra (Vaults:2)
  2 jumping spiders (shapeshifter)
  A snapping turtle (shapeshifter) (D:14)
  2 stone giant simulacra (Vaults:3)
  15 snapping turtles
  2 ynoxinuls (Lair:5)
  2 culicivoras (Vaults:3)
  Sigmund (D:6)
  A centaur simulacrum (D:14)
  76 slime creatures
  A spriggan (Lair:5)
  89 yaks
  7 water elementals
  A dire elephant simulacrum (IceCv)
  9 basilisks
  3 fire bats (Gauntlet)
  4 wyverns
  A fire bat (shapeshifter) (Lair:5)
  19 humans (D:13)
  4 vampire mosquitoes
  4 chaos spawn (Lair:5)
  A steam dragon (D:5)
  12 golden eyes
  4 redbacks
  11 small abominations (Lair:5)
  4 wargs
  A hydra simulacrum (IceCv)
  33 nagas
  3 acid dragons
  A floating eye (Slime:5)
  11 water moccasins
  3 hell hounds (Gauntlet)
  17 orc warriors
  2 ice beasts (D:7)
  4 ettin simulacra (IceCv)
  2 alligator simulacra (IceCv)
  9 centaurs
  9 ogres
  2 large abominations (Lair:5)
  5 wolves (Lair:3)
  3 elf simulacra (Vaults:3)
  13 bullfrogs
  2 kobold brigands (D:8)
  2 necrophages
  A scorpion (D:4)
  2 glowing shapeshifter simulacra
  3 wights (D:8)
  A lindwurm simulacrum (IceCv)
  6 killer bees (D:9)
  4 howler monkeys
  8 electric eels
  17 orc priests
  A hound (D:5)
  3 gnoll boudas
  3 iguanas
  20 orc wizards
  12 gnolls
  10 adders
  A shadow imp (D:3)
  3 white imps (D:7)
  An ufetubus (D:4)
  6 worms
  2 dart slugs (D:3)
  60 orcs
  4 ball pythons
  5 endoplasms
  4 giant cockroaches
  6 goblins
  9 hobgoblins
  19 kobolds
  4 quokkas
  5 bats
  3 frilled lizards
  5 rats
  13 tentacles (Shoals:2)
1507 creatures vanquished.

Vanquished Creatures (collateral kills)
  An azure jelly (Slime:5)
  3 merfolk impalers
  A merfolk javelineer (Shoals:2)
  A yaktaur captain (Vaults:3)
  2 great orbs of eyes
  A peacekeeper (Vaults:3)
  2 anacondas (Snake:4)
  An ironbound frostheart (Vaults:3)
  2 naga warriors
  A skyshark (Shoals:3)
  A lindwurm (Snake:4)
  An orc knight (Orc:2)
  4 salamanders
  2 fauns
  4 merfolk sirens
  A manticore (Shoals:3)
  2 naga magi (Snake:1)
  A guardian serpent (Snake:1)
  A water nymph (Shoals:2)
  A vault sentinel (Vaults:3)
  A cane toad (Lair:2)
  2 yaktaurs (Vaults:3)
  4 merfolk
  A troll (Orc:1)
  A human simulacrum (Vaults:3)
  A slime creature (Slime:5)
  A spectral human (Vaults:3)
  2 orc warriors
  2 orc priests (Orc:1)
  2 orc wizards
  A gnoll (Orc:1)
  3 orcs
54 creatures vanquished.

Vanquished Creatures (others)
  The ghost of Corraure the Unseen, an adept FoFi of Okawaru (Vaults:3)
  A gnoll bouda (Orc:1)
  An orc priest (Orc:2)
  15 fungi
  100 plants
  33 tentacles (Shoals:2)
  5 withered plants (D:3)
156 creatures vanquished.

Grand Total: 1717 creatures vanquished

Notes
Turn   | Place    | Note
-------+----------+-------------------------------------------
     0 | D:1      | Zolda the Minotaur Berserker began the quest for the Orb.
     0 | D:1      | Reached XP level 1. HP: 19/19 MP: 0/0
   283 | D:1      | Reached XP level 2. HP: 26/26 MP: 1/1
   835 | D:2      | Reached skill level 5 in Axes
   835 | D:2      | Reached XP level 3. HP: 31/31 MP: 2/2
   900 | D:2      | Reached ** piety under Trog
  1022 | D:2      | Reached XP level 4. HP: 39/39 MP: 3/3
  1583 | D:3      | Identified the +3 whip of Paitos {flame, Str+4 Dex-5}
  1793 | D:3      | Found a shadowy altar of Dithmenos.
  2012 | D:3      | Reached XP level 5. HP: 43/45 MP: 4/4
  2029 | D:3      | Found an ancient bone altar of Kikubaaqudgha.
  2335 | D:4      | Found Kipagong's Armour Shoppe.
  2477 | D:4      | Reached XP level 6. HP: 51/51 MP: 5/5
  2734 | D:4      | Found a glowing golden altar of the Shining One.
  2887 | D:5      | Entered Level 5 of the Dungeon
  2891 | D:5      | Noticed a steam dragon
  2897 | D:5      | Killed a steam dragon
  2898 | D:5      | Reached skill level 10 in Axes
  2898 | D:5      | Reached XP level 7. HP: 15/57 MP: 6/6
  3256 | D:5      | Reached *** piety under Trog
  3474 | D:5      | Found a blossoming altar of Fedhas.
  3474 | D:5      | Found a bloodstained altar of Trog.
  3510 | D:5      | Found Gazipon's Gadget Gallery.
  3776 | D:6      | Noticed Sigmund
  3795 | D:6      | Killed Sigmund
  3796 | D:6      | Reached XP level 8. HP: 64/64 MP: 7/7
  4230 | D:6      | Found a snail-covered altar of Cheibriados.
  4807 | D:7      | Found a radiant altar of Vehumet.
  5010 | D:7      | Found a staircase to the Ecumenical Temple.
  5019 | Temple   | Entered the Ecumenical Temple
  5579 | D:8      | Found a stormy altar of Qazlal.
  5600 | D:8      | Reached XP level 9. HP: 70/70 MP: 8/8
  5614 | D:8      | Reached skill level 15 in Axes
  5796 | D:8      | Reached **** piety under Trog
  6065 | D:8      | Found a shimmering altar of Xom.
  6067 | D:8      | Found a hide-covered altar of Uskayaw.
  6532 | D:9      | Found a sacrificial altar of Ru.
  6725 | D:9      | Reached XP level 10. HP: 72/77 MP: 9/9
  7128 | D:9      | Found a staircase to the Lair.
  7648 | D:10     | Entered Level 10 of the Dungeon
  7690 | D:10     | Noticed a two-headed ogre
  7698 | D:10     | Killed a two-headed ogre
  7760 | D:10     | Noticed a gargoyle
  7767 | D:10     | Killed a gargoyle
  7922 | D:10     | Found Ciyqumyt's Armour Shop.
  7924 | D:10     | Found a staircase to the Orcish Mines.
  8240 | D:4      | Bought the +2 pair of gloves of Monotheism {rElec rF+} for
                  | 461 gold pieces
  8251 | D:4      | Identified a scroll of acquirement
  8251 | D:4      | Acquired a +2 broad axe of electrocution
  8439 | D:10     | Reached ***** piety under Trog
  8443 | D:10     | Reached XP level 11. HP: 72/82 MP: 10/10
  8786 | D:11     | Noticed a two-headed ogre
  8792 | D:11     | Killed a two-headed ogre
  8796 | D:11     | Reached skill level 5 in Fighting
  9261 | D:11     | Found Qiegosm's Antique Armour Shop.
  9483 | D:12     | Noticed Fannar
  9495 | D:12     | Killed Fannar
  9680 | D:12     | Noticed a centaur warrior
  9689 | D:12     | Killed a centaur warrior
  9941 | D:12     | Found a glowing silver altar of Zin.
 10044 | Lair:1   | Entered Level 1 of the Lair of Beasts
 10056 | Lair:1   | Reached skill level 10 in Fighting
 10060 | Lair:1   | Noticed Erica
 10073 | Lair:1   | Killed Erica
 10721 | Lair:1   | Noticed Urug
 10736 | Lair:1   | Killed Urug
 10751 | Lair:1   | Reached XP level 12. HP: 24/112 MP: 11/11
 12260 | Lair:2   | Noticed bezhaha's ghost (journeyman OgWr)
 12269 | Lair:2   | Found a transporter.
 12288 | Lair:2   | Found a transporter.
 12617 | Lair:2   | Reached skill level 15 in Fighting
 12685 | Lair:2   | Noticed a boulder beetle
 12697 | Lair:2   | Killed a boulder beetle
 12872 | Lair:2   | Killed bezhaha's ghost
 12877 | Lair:2   | Identified the ring "Eddin" {rC+ Will+ SInv}
 12930 | Lair:3   | Noticed a seven-headed hydra
 12939 | Lair:2   | Identified the +10 battleaxe of Scorn {antimagic, rF+ rN+
                  | rCorr Dex-2} (Trog gifted it to you on level 2 of the Lair
                  | of Beasts)
 12939 | Lair:2   | Received a gift from Trog
 12940 | Lair:2   | Killed an 11-headed hydra
 13089 | Lair:3   | Reached XP level 13. HP: 98/132 MP: 4/12
 13415 | Lair:3   | Found a staircase to the Snake Pit.
 13865 | Lair:3   | Found a staircase to the Shoals.
 14953 | Lair:4   | Found a gate leading to a gauntlet.
 14974 | Gauntlet | Entered a Gauntlet
 14974 | Gauntlet | Found a transporter.
 15058 | Gauntlet | Found a transporter.
 15072 | Gauntlet | Found a transporter.
 15076 | Gauntlet | Found a transporter.
 15082 | Gauntlet | Found a transporter.
 15082 | Gauntlet | Found the amulet of the Four Winds {rN+ Will+++ Clar}
 15098 | Gauntlet | Found a transporter.
 15109 | Gauntlet | Found a transporter.
 15121 | Gauntlet | Found a transporter.
 15126 | Gauntlet | Found a transporter.
 15126 | Gauntlet | Found a transporter.
 15152 | Gauntlet | Found a runed translucent door.
 15154 | Gauntlet | Found a transporter.
 15154 | Gauntlet | Found a transporter.
 15157 | Gauntlet | Found a runed translucent door.
 15207 | Gauntlet | Found a transporter.
 15219 | Gauntlet | Found a transporter.
 15345 | Gauntlet | Identified the +1 hand axe "Risuipsa" {distort, rElec rPois
                  | Int-5 SInv}
 15376 | Gauntlet | Received a gift from Trog
 15389 | Gauntlet | Identified the ring of Makhleb's Benevolence {Ice *Slow rN+
                  | rCorr Str+2}
 15447 | Gauntlet | Noticed a minotaur
 15455 | Gauntlet | Killed a minotaur
 15923 | Lair:4   | Reached XP level 14. HP: 148/148 MP: 4/13
 16108 | Lair:4   | Found a viscous altar of Jiyva.
 16108 | Lair:4   | Found a staircase to the Slime Pits.
 16569 | Lair:5   | Entered Level 5 of the Lair of Beasts
 16608 | Lair:5   | Reached skill level 5 in Armour
 16985 | Lair:5   | Found a transporter.
 17154 | Lair:5   | Reached skill level 10 in Armour
 17489 | Lair:5   | Received a gift from Trog
 17516 | Lair:5   | Found a corrupted altar of Lugonu.
 17516 | Lair:5   | Found a one-way gate to the infinite horrors of the Abyss.
 17679 | Lair:5   | Noticed Heent's ghost (journeyman OpFE)
 17691 | Lair:5   | Found a transporter.
 18090 | Lair:5   | Killed Heent's ghost
 18292 | Orc:1    | Entered Level 1 of the Orcish Mines
 18292 | Orc:1    | Noticed Sonja
 18303 | Orc:1    | Killed Sonja
 18911 | Orc:2    | Entered Level 2 of the Orcish Mines
 18993 | Orc:2    | Noticed Snorg
 19004 | Orc:2    | Killed Snorg
 19153 | Orc:2    | Found a staircase to the Elven Halls.
 19235 | Orc:2    | Reached XP level 15. HP: 150/155 MP: 4/14
 19875 | Orc:2    | Found Wizoum's Armour Emporium.
 19875 | Orc:2    | Found Esoudig's Weapon Boutique.
 19877 | Orc:2    | Paralysed by an orc sorcerer for 5 turns
 19889 | Orc:2    | Reached skill level 15 in Armour
 20204 | Orc:2    | Found Guibb's Distillery.
 20204 | Orc:2    | Found Vofy Gaw's Antique Armour Emporium.
 20218 | Orc:2    | Bought a pair of heavily runed boots for 256 gold pieces
 20218 | Orc:2    | Identified the +1 pair of boots of the Trees {Dex+2} (You
                  | bought it in a shop on level 2 of the Orcish Mines)
 20350 | D:13     | Upgraded the game from 0.30-a0-779-g7971cf19c3 to
                  | 0.30-a0-782-ge64f9170bb
 20542 | D:13     | Noticed Jorgrun
 20550 | D:13     | Killed Jorgrun
 20550 | D:13     | Reached ****** piety under Trog
 20636 | D:13     | Received a gift from Trog
 21209 | D:13     | Found a gate to the Vaults.
 21547 | D:14     | Noticed Rupert
 21564 | D:14     | Killed Rupert
 22144 | D:14     | Found a portal to a secret trove of treasure.
 22253 | D:15     | Entered Level 15 of the Dungeon
 22755 | D:15     | Found a staircase to the Depths.
 22755 | D:15     | Noticed a frost giant
 22760 | D:15     | Killed a frost giant
 22835 | D:15     | Found an iron altar of Okawaru.
 22968 | D:15     | Reached XP level 16. HP: 104/163 MP: 15/15
 23650 | Snake:1  | Entered Level 1 of the Snake Pit
 23744 | Snake:1  | Found Fukiy's General Store.
 23757 | Snake:1  | Received a gift from Trog
 24113 | Snake:1  | Bought a scroll of enchant armour for 97 gold pieces
 24554 | Snake:1  | Found Ydoytt's Antique Armour Boutique.
 24559 | Snake:1  | Found Qopec's Weapon Boutique.
 24562 | Snake:1  | Bought a pair of glowing boots for 255 gold pieces
 25317 | Snake:2  | Found a runed translucent gate.
 25318 | Snake:2  | Found a runed translucent gate.
 25320 | Snake:2  | Noticed Dohiodol's ghost (journeyman MiBe)
 25751 | Snake:2  | Received a gift from Trog
 25765 | Snake:2  | Found a runed translucent gate.
 26269 | Snake:2  | Killed Dohiodol's ghost
 27348 | Snake:4  | Entered Level 4 of the Snake Pit
 28100 | Snake:4  | Identified the +10 lajatang "Gaet" {freeze, Str+5}
 28422 | Snake:4  | Found a broken altar of Ashenzari.
 28456 | Snake:4  | Reached XP level 17. HP: 142/170 MP: 5/16
 29485 | Snake:4  | Received a gift from Trog
 29772 | Snake:4  | Got a serpentine rune of Zot
 29972 | Shoals:1 | Entered Level 1 of the Shoals
 30288 | Shoals:1 | Noticed Louise
 30338 | Shoals:1 | Killed Louise
 30635 | Shoals:1 | Identified Roxanne's Catalogue of the Gestalt
 30635 | Shoals:1 | Noticed Roxanne
 30654 | Shoals:1 | Killed Roxanne
 31144 | Shoals:1 | Noticed Touch's ghost (journeyman DsCj)
 31154 | Shoals:1 | Found a runed translucent door.
 31675 | Shoals:1 | Killed Touch's ghost
 32138 | Shoals:2 | Found Deakhar's Visitors' Centre.
 32138 | Shoals:2 | Found Deakhar's Merfolk Magic.
 32150 | Shoals:2 | Found Deakhar's Merfolk Weapons.
 32150 | Shoals:2 | Found Deakhar's Merfolk Armours.
 32161 | Shoals:2 | Bought a throwing net for 54 gold pieces
 32166 | Shoals:2 | Bought a +2 hat for 288 gold pieces
 32171 | Shoals:2 | Bought the ring "Dulidwup" {Will+ AC+4} for 972 gold pieces
 32310 | Shoals:2 | Noticed a kraken
 32310 | Shoals:2 | Noticed a kraken
 32310 | Shoals:2 | Noticed Ilsuiw
 32721 | Shoals:2 | Received a gift from Trog
 32737 | Shoals:2 | Killed Ilsuiw
 33058 | Shoals:2 | Reached XP level 18. HP: 176/178 MP: 5/17
 33125 | Shoals:2 | Found Bolea's Magic Scroll Emporium.
 34141 | Shoals:2 | Bought a scroll of brand weapon for 180 gold pieces
 34197 | Shoals:3 | Found a frozen archway.
 34258 | IceCv    | Entered an ice cave
 35767 | Shoals:3 | Reached skill level 27 in Axes
 35771 | Shoals:3 | Received a gift from Trog
 36217 | Shoals:4 | Entered Level 4 of the Shoals
 36936 | Shoals:4 | Identified the ring "Jeruxaq" {rN+ Will+ MP+9}
 37659 | Shoals:4 | Received a gift from Trog
 38025 | Shoals:4 | Got a barnacled rune of Zot
 38625 | Vaults:1 | Entered Level 1 of the Vaults
 39495 | Vaults:1 | Reached XP level 19. HP: 185/193 MP: 18/18
 39958 | Vaults:1 | Received a gift from Trog
 40075 | Vaults:1 | Identified the +5 ring mail "Kuviqemu" {Str+3 Slay+3}
 41735 | Vaults:2 | Reached XP level 20. HP: 94/213 MP: 19/19
 41959 | Vaults:2 | Identified the +9 whip of Strategic Superiority {freeze,
                  | rElec rF- Will+ Dex+6}
 42934 | Vaults:3 | Reached skill level 27 in Fighting
 42938 | Vaults:3 | Received a gift from Trog
 43982 | Vaults:3 | Found a staircase to the Crypt.
 44330 | Vaults:3 | Received a gift from Trog
 44751 | Vaults:3 | Found a runed translucent gate.
 44751 | Vaults:3 | Found a runed translucent gate.
 44751 | Vaults:3 | Found a runed translucent gate.
 44753 | Vaults:3 | Noticed Corraure's ghost (adept FoFi)
 44772 | Vaults:3 | Killed Corraure's ghost
 45624 | Vaults:4 | Received a gift from Trog
 46097 | Vaults:4 | Reached XP level 21. HP: 224/224 MP: 20/20
 46312 | Vaults:4 | Identified the +11 hand axe "Odoesm" {venom, rElec Int-3
                  | Dex+4}
 46813 | Vaults:4 | Received a gift from Trog
 47476 | Slime:1  | Entered Level 1 of the Pits of Slime
 47496 | Slime:1  | Gained mutation: You are weak. (Str -2) [a shining eye]
 48045 | Slime:3  | Noticed Dissolution
 48055 | Slime:3  | Killed Dissolution
 48370 | Slime:3  | Gained mutation: You have a pair of large horns on your
                  | head. [a shining eye]
 48372 | Slime:3  | Gained mutation: You possess an exceptional clarity of
                  | mind. [a shining eye]
 48379 | Slime:3  | Gained mutation: You have hidden genetic defects. [a
                  | shining eye]
 48512 | Slime:3  | Identified the +8 battleaxe of the Endless Expanse {heavy,
                  | Fragile rPois rN+++ Dex+5} (Trog gifted it to you on level
                  | 3 of the Pits of Slime)
 48512 | Slime:3  | Received a gift from Trog
 48970 | Slime:5  | Entered Level 5 of the Pits of Slime
 49024 | Slime:5  | Noticed the Royal Jelly
 49027 | Slime:5  | Found a viscous altar of Jiyva.
 49102 | Slime:5  | Reached skill level 27 in Armour
 49120 | Slime:5  | HP: 9/224 [azure jelly[the Royal Jelly] (10)]
 49158 | Slime:5  | HP: 1/224 [acid blob (16)]
 49158 | Slime:5  | Splashed by an acid blob's acid

Illustrated notes

Levels and vault maps discovered:
D:1:      nzn_arrival_crosshair, layout_basic
D:2:      layout_loops_ring, serial_glass, glass_columns_c, glass_columns_c,
          item_on_display_a, minmay_circle_x
D:3:      layout_rooms, mainiacjoe_overflow_six_doors_small,
          kiku_gazebo_garden_becter, nrook_uturn, patterned_corridor
D:4:      layout_basic, mainiacjoe_overflow_alcove_4, serial_shops, shop
D:5:      layout_loops_ring, gammafunk_temple_overflow_pools, minivault_4,
          nicolae_shop_gadgets
D:6:      layout_cave_pools, lemuel_coloured_pillars_altar, uniq_sigmund
D:7:      layout_basic, mainiacjoe_overflow_paths, lemuel_temple_firewalk_b
D:8:      layout_loops_ring, grunt_temple_overflow_open, grunt_qazlal_clouds,
          kennysheep_generic_room_4
D:9:      layout_basic, mainiacjoe_overflow_small_starburst,
          david_lair_shrubbed, minmay_misc_feat_columns, serial_bayou_lagoon_a
D:10:     layout_irregular_city, orc_david_3, minivault_26
D:11:     layout_loops_ring, serial_shops, shop_statue
D:12:     layout_cave_pools, zin_treasury, uniq_fannar
D:13:     layout_loops_ring, grunt_vaults_entry_tiered, uniq_jorgrun
D:14:     layout_long_grid, nicolae_trove_entry_free_sample, minivault_16,
          uniq_rupert
D:15:     grunt_enter_depths_snipers, layout_irregular_city,
          hellmonk_okawaru_the_only_friend_you_need, minmay_bent
Temple:   minmay_temple_curvy_loop
Lair:1:   layout_cave_pods, lemuel_fruit_tree, infiniplex_staircase_pool,
          serial_bayou_shore_a, lemuel_fruit_fields, uniq_erica, uniq_urug
Lair:2:   layout_cave_shapes, gammafunk_ghost_berserking_beasts, minmay_holes
Lair:3:   minmay_lair_oklob_chamber, layout_regular_city,
          minmay_shoals_entry_beasts, minmay_snake_entry_guardpost_small,
          grunt_megastairs_2
Lair:4:   layout_cave_pods, slime_entry_1, serial_rivers,
          chequers_serial_rivers_marsh, chequers_serial_rivers_marsh,
          chequers_serial_rivers_micro_e, chequers_serial_rivers_micro_d,
          gauntlet_entry_generic, nicolae_lair_lindhole
Lair:5:   hellmonk_lair_end_abyssal_woods, layout_gridlike,
          gammafunk_ghost_arena
Shoals:1: layout_shoals, hellmonk_ghost_happy_afterlife, uniq_louise,
          uniq_roxanne
Shoals:2: nicolae_shoals_mermall, layout_shoals, serial_shops,
          nicolae_lakefront_shop, nicolae_shoals_kraken_party, uniq_ilsuiw
Shoals:3: layout_shoals, portal_ice_cave_entry_ice_statue_two
Shoals:4: shoals_end_simple, layout_shoals
Snake:1:  layout_misc_corridors, serial_shops, shop, minmay_shop_star
Snake:2:  layout_chambers, gammafunk_ghost_split, grunt_ministairs_8,
          st_stairs_8, chequers_hall_statues_y
Snake:3:  layout_concentric_octagons, nicolae_snake_gridmaze_swirls
Snake:4:  snake_pit_salamanders_mu, layout_gridlike, basic_altar
Slime:1:  layout_caves
Slime:2:  layout_caves
Slime:3:  layout_caves, dissolution_awaits
Slime:4:  layout_caves
Slime:5:  uniq_dissolution
Orc:1:    layout_caves, uniq_sonja
Orc:2:    grunt_orc_tribal_feast, layout_diamond_mine, nicolae_orc_stony_grotto,
          uniq_snorg
Vaults:1: vaults_room_grid, hangedman_vaults_river_flow, v_alt_pattern_2,
          nicolae_vaults_little_squares_3, nicolae_vaults_arrows, v_misc_19,
          v_misc_27, v_misc_12, nicolae_vaults_display_case, v_misc_17,
          vaults_room_pools, hangedman_vaults_corner_blocks,
          layout_vaults_big_cross
Vaults:2: nicolae_vaults_little_ls, nicolae_vaults_lopsided_apartments,
          ontoclasm_vaults_decontamination, nicolae_vaults_inception_scallops,
          v_rooms_6, hangedman_vaults_unwind, nicolae_vaults_network_star,
          nicolae_vaults_specimen_jars, nicolae_vaults_shelves_hall,
          vaults_room_fours, v_pattern_2, ontoclasm_vaults_chip,
          layout_vaults_omnibox
Vaults:3: gammafunk_ghost_necromancy, nicolae_vaults_asterisk,
          minmay_crypt_entry_simple_box, v_pattern_1, v_alt_pattern_5,
          ontoclasm_vaults_hangar, vaults_room_door_ring,
          nicolae_vaults_little_squares_6, hangedman_vaults_maws,
          vaults_room_pool, ontoclasm_vaults_chip, layout_vaults_omnigrid
Vaults:4: ontoclasm_vaults_hangar, vaults_standard_mumra_lines, v_rooms_6,
          v_misc_18, v_misc_16, nicolae_vaults_back_hallway,
          nicolae_vaults_border_crossing, hangedman_vaults_stretched_pinwheel,
          v_pattern_3, layout_vaults_chaotic_city

Skill      XL: |  1  2  3  4  5  6  7  8  9 10 11 12 13 14 15 16 17 18 19 20 21 |
---------------+----------------------------------------------------------------+-----
Axes           | 4 5 6 8 10 11 14 17 19 20 22 25 27 | 27.0
Fighting       | 12 17 20 22 26 27 | 27.0
Armour         | 3 14 19 21 24 27 | 27.0
Dodging        | 3 |  3.4

Action                     |  1- 3 |  4- 6 |  7- 9 | 10-12 | 13-15 | 16-18 | 19-21 || total
---------------------------+-------+-------+-------+-------+-------+-------+-------++-------
  Melee: War axe           |    77 |   149 |   196 |    89 |       |       |       ||   511
         Hand axe          |     4 |       |       |       |       |       |       ||     4
         Headbutt          |     8 |    11 |    36 |    79 |   167 |   252 |   249 ||   802
         Punch             |     1 |       |     2 |     3 |       |       |       ||     6
         Broad axe         |       |       |       |   262 |       |       |       ||   262
         Battleaxe         |       |       |       |     9 |   712 |   786 |   250 ||  1757
         Executioner's axe |       |       |       |       |    63 |   289 |   653 ||  1005
  Throw: Dart              |       |       |     1 |     1 |    25 |    27 |       ||    54
         Boomerang         |       |       |       |       |     1 |       |       ||     1
         Throwing net      |       |       |       |       |       |     4 |       ||     4
         Javelin           |       |       |       |       |       |     7 |       ||     7
 Invoke: Berserk           |     1 |     2 |     3 |     5 |     4 |     6 |     4 ||    25
         Trog's Hand       |     1 |     1 |     3 |     6 |     4 |     6 |     7 ||    28
         Brothers in Arms  |       |       |       |     1 |     3 |    10 |     7 ||    21
  Evoke: Wand              |       |       |     5 |    10 |    16 |     8 |     3 ||    42
         Phantom mirror    |       |       |       |       |     2 |       |       ||     2
         Tin of tremorston |       |       |       |       |     4 |     5 |     2 ||    11
         Phial of floods   |       |       |       |       |     2 |       |       ||     2
         Box of beasts     |       |       |       |       |       |     2 |     1 ||     3
    Use: Scroll            |       |    16 |     6 |     7 |     8 |    11 |     5 ||    53
         Potion            |       |     1 |       |     3 |     2 |    19 |     6 ||    31
   Stab: Confused          |       |       |     1 |       |       |       |       ||     1
         Paralysed         |       |       |       |     2 |       |       |       ||     2
         Petrified         |       |       |       |     1 |     3 |       |       ||     4
         Invisible         |       |       |       |     1 |       |       |       ||     1
         Distracted        |       |       |       |       |       |     2 |       ||     2
 Armour: Chain mail        |    51 |     4 |       |       |       |       |       ||    55
         Scale mail        |       |    72 |    12 |       |       |       |       ||    84
         Plate armour      |       |       |    59 |   163 |   365 |   565 |       ||  1152
         Skin              |       |       |       |       |       |    44 |       ||    44
         Crystal plate arm |       |       |       |       |       |   168 |   597 ||   765
  Dodge: Dodged            |    40 |    73 |    55 |   107 |   301 |   552 |   251 ||  1379
  Block: Other             |       |       |       |       |       |    52 |   135 ||   187
         Reflection        |       |       |       |       |       |     6 |    27 ||    33

Table legend: (Time is in decaauts)
 A = Elapsed time spent in this place.
 B = Non-inter-level travel time spent in this place.
 C = Inter-level travel time spent in this place.
 D = Time resting spent in this place.
 E = Time spent auto-exploring this place.
 F = Levels seen in this place.
 G = Mean time per level.
                   A        B        C        D        E       F      G
               +--------+--------+--------+--------+--------+-----+--------+
         Total |  48623 |  43422 |   5201 |   8486 |  27983 |  42 | 1157.7 |
       Dungeon |  13660 |  11594 |   2066 |    519 |   9231 |  15 |  910.7 |
        Temple |    219 |    196 |     23 |      0 |    191 |   1 |  219.0 |
          Lair |   8053 |   7248 |    805 |   1697 |   4581 |   5 | 1610.6 |
        Shoals |   7514 |   6893 |    621 |   2162 |   3612 |   4 | 1878.5 |
     Snake Pit |   5946 |   5445 |    501 |   1418 |   3102 |   4 | 1486.5 |
    Slime Pits |   1579 |   1360 |    219 |    260 |    754 |   5 |  315.8 |
  Orcish Mines |   1984 |   1791 |    193 |    786 |    714 |   2 |  992.0 |
        Vaults |   8519 |   7748 |    771 |   1166 |   5511 |   4 | 2129.8 |
      Ice Cave |    664 |    664 |      0 |    476 |      0 |   1 |  664.0 |
      Gauntlet |    481 |    481 |      0 |      0 |    286 |   1 |  481.0 |
               +--------+--------+--------+--------+--------+-----+--------+

Top non-repeatable levels by time:
Vaults:3: 2231 daAuts
Shoals:1: 2174 daAuts
Vaults:2: 2150 daAuts
  Lair:3: 2143 daAuts
Shoals:2: 2107 daAuts
Vaults:4: 2086 daAuts
Vaults:1: 2050 daAuts
  Lair:1: 1989 daAuts
Shoals:4: 1906 daAuts
 Snake:4: 1879 daAuts
 Snake:2: 1592 daAuts
 Snake:3: 1582 daAuts
     D:9: 1525 daAuts
  Lair:5: 1521 daAuts
   Orc:2: 1353 daAuts
